 Dungeon Crawl Stone Soup version 0.23-a0-242-g2b5ca64 (webtiles) character file.

234 MisterFreud the Slicer (level 6, -4/55 HPs)
             Began as a Kobold Berserker on Sept 28, 2018.
             Was a Priest of Trog.
             Slain by an orc
             ... wielding a +0 trident
              (7 damage)
             ... on level 3 of the Dungeon.
             The game lasted 00:05:43 (2698 turns).

MisterFreud the Slicer (Kobold Berserker)           Turns: 2698, Time: 00:05:44

Health: -4/55      AC:  3    Str: 22    XL:     6   Next: 26%
Magic:  6/6        EV: 15    Int:  8    God:    Trog [***...]
Gold:   77         SH:  0    Dex: 14    Spells: 5/5 levels left

rFire    . . .     SeeInvis .   i - +2 short sword (venom)
rCold    . . .     Gourm    .   (shield restricted)
rNeg     . . .     Faith    .   b - +0 animal skin
rPois    .         Spirit   .   s - +0 helmet
rElec    .         Reflect  .   m - scarf {repulsion}
rCorr    .         Harm     .   (no gloves)
MR       ++...                  (no boots)
Stlth    ..........             (no amulet)
HPRegen  1.18/turn              (no ring)
MPRegen  0.10/turn              (no ring)

@: berserking, regenerating, repel missiles, very quick
A: small, carnivore
a: Berserk, Trog's Hand, Renounce Religion


You were on level 3 of the Dungeon.
You worshipped Trog.
Trog was most pleased with you.
You were very full.

You visited 1 branch of the dungeon, and saw 3 of its levels.

You collected 77 gold pieces.

Inventory:

Hand Weapons
 a - a +0 short sword
 i - a +2 short sword of venom (weapon)
Missiles
 e - 40 stones (quivered)
 o - 17 poisoned needles
 q - 15 arrows
 t - 41 bolts
 u - 4 needles of frenzy
 v - 5 tomahawks of dispersal
Armour
 b - a +0 animal skin (worn)
 m - a scarf of repulsion (worn)
 s - a +0 helmet (worn)
Scrolls
 d - a scroll of teleportation {unknown}
 g - a scroll of fog {unknown}
 h - a scroll of enchant armour {unknown}
 j - a scroll of magic mapping {unknown}
 k - 2 scrolls of identify {unknown}
 n - 4 scrolls of blinking {unknown}
 p - 2 scrolls of amnesia {unknown}
Potions
 f - a potion of ambrosia {unknown}
 l - a potion of lignification {unknown}
 w - a potion of cancellation {unknown}
 x - 2 potions of haste {unknown}
 z - a potion of curing {unknown}
Comestibles
 c - 4 rations
 r - a chunk of flesh


   Skills:
 - Level 3.2 Fighting
 * Level 8.7 Short Blades
 - Level 1.5 Armour
 - Level 2.4 Dodging


You had 5 spell levels left.
You didn't know any spells.
Your spell library was empty.

Dungeon Overview and Level Annotations

Branches:
Dungeon (3/15)

Altars:
Fedhas


Innate Abilities, Weirdness & Mutations

You are small and have problems with some larger weapons.
You are carnivorous and can eat meat at any time.


Message History

Trog accepts your kill.
The orc hits you from afar with a trident!
* * * LOW HITPOINT WARNING * * *
You puncture the orc!
You kill the orc!
Trog accepts your kill.
Your skin crawls.
You feel resistant to hostile enchantments.
You feel somewhat less full. The orc hits you but does no damage.
A red film seems to cover your vision as you go berserk!
You feel yourself moving faster!
You feel mighty!
You feel sick.
You are no longer poisoned.
The orc completely misses you.
The orc wizard points at you and mumbles some strange words.
The magic dart hits you!
* * * LOW HITPOINT WARNING * * *
You barely miss the orc wizard. The orc wizard hits you with a dagger!
* * * LOW HITPOINT WARNING * * *
The orc hits you from afar with a trident!
You die...

##.............#.### # .
## .'.............#...#.#
..
##.............#.#.#.#...
#.......................
#.......................
#..................o....
#..............oo.o...o.
##.............#o#.#.#...
.....###.#####.#@#.#
.....# #.......#.#.#
.....####.######.#.#
.....<..).)......#.#
....)####)######.#..
.....# #..# #.... #
.....#####รท#####.#######
#
...............#:#.....###
#
.....######.##.#.#........
#


You could see an orc wizard and 2 orcs.

Vanquished Creatures
  A hound (D:3)
  A centaur skeleton (D:3)
  Robin (D:3)
  8 adders
  An adder zombie (D:1)
  2 worms
  A dart slug (D:2)
  A leopard gecko (D:3)
  8 orcs (D:3)
  11 bats
  6 giant cockroaches
  14 goblins
  7 hobgoblins
  A quokka (D:2)
  6 frilled lizards
  4 kobolds
  A quokka zombie (D:1)
  5 rats
79 creatures vanquished.

Notes
Turn   | Place    | Note
-------+----------+-------------------------------------------
     0 | D:1      | MisterFreud the Kobold Berserker began the quest for the
                  | Orb.
     0 | D:1      | Reached XP level 1. HP: 14/14 MP: 1/1
   126 | D:1      | Reached XP level 2. HP: 14/19 MP: 2/2
   518 | D:1      | Reached skill level 5 in Short Blades
   647 | D:1      | Reached XP level 3. HP: 23/23 MP: 3/3
  1150 | D:2      | Reached ** piety under Trog
  1295 | D:2      | Reached skill level 6 in Short Blades
  1301 | D:2      | Reached XP level 4. HP: 17/28 MP: 4/4
  1601 | D:2      | Found a blossoming altar of Fedhas.
  1726 | D:2      | You fall through a shaft!
  1746 | D:3      | Reached skill level 7 in Short Blades
  1746 | D:3      | Reached XP level 5. HP: 23/32 MP: 5/5
  2347 | D:3      | Reached *** piety under Trog
  2352 | D:3      | Noticed Robin
  2363 | D:3      | Killed Robin
  2440 | D:3      | Received a gift from Trog
  2508 | D:3      | Reached skill level 8 in Short Blades
  2515 | D:3      | Reached XP level 6. HP: 34/37 MP: 6/6
  2698 | D:3      | Slain by an orc

Vault maps used:
D:1:      saegor_arrival_fortress
D:2:      old_standard_altar, serial_bayou_pond_e
D:3:      first_ration, kennysheep_generic_room_14, uniq_robin

Skill      XL: |  1  2  3  4  5 |
---------------+----------------+-----
Short Blades   | 5 6 7 8 |  8.7
Fighting       | |  3.2
Armour         | |  1.5
Dodging        | |  2.4

Action                   |  1- 3 |  4- 6 || total
-------------------------+-------+-------++-------
Melee: Short sword       |    87 |   129 ||   216
Invok: Berserk           |       |     1 ||     1
       Trog's Hand       |       |     1 ||     1
 Stab: Sleeping          |       |     1 ||     1
  Eat: Chunk             |     3 |    11 ||    14
Armor: Animal skin       |    20 |    12 ||    32
Dodge: Dodged            |    61 |    81 ||   142
       Deflected         |       |     1 ||     1

Table legend:
 A = Non-vault XP
 B = Vault XP
 C = Vault XP percentage of total XP
 D = Non-vault monster count
 E = Vault monster count
 F = Vault count percentage of total count
                 A         B        C        D         E       F
            +---------+---------+-------+---------+---------+-------
      Total |     300 |      35 |  10.4 |      69 |      10 |  12.7
            +---------+---------+-------+---------+---------+-------
        D:1 |      28 |       6 |  17.6 |      18 |       2 |  10.0
        D:2 |      82 |       0 |   0.0 |      19 |       0 |   0.0
        D:3 |     190 |      29 |  13.2 |      32 |       8 |  20.0
            +---------+---------+-------+---------+---------+-------
